 Dungeon Crawl Stone Soup version 0.24.0-123-gd5b16e6ec5 (webtiles) character file.

Game seed: 9649007657286010914, levelgen mode: deterministic

2917 Norian the Thaumaturge (level 9, 0/48 HPs)
             Began as a Deep Elf Conjurer on Dec 19, 2019.
             Slain by an ice beast (13 damage)
             ... on level 7 of the Dungeon.
             The game lasted 00:16:10 (6579 turns).

Norian the Thaumaturge (Deep Elf Conjurer)          Turns: 6579, Time: 00:16:10

Health: 0/48       AC:  5    Str:  8    XL:     9   Next: 50%
Magic:  0/25       EV: 15    Int: 21    God:
Gold:   250        SH:  0    Dex: 15    Spells: 20/29 levels left

rFire    . . .     SeeInvis .   t - +2 dagger (chaos)
rCold    . . .     Gourm    .   (no shield)
rNeg     . . .     Faith    .   a - +0 robe
rPois    .         Spirit   .   l - +0 helmet
rElec    .         Reflect  .   p - +0 cloak
rCorr    .         Harm     .   k - +0 pair of gloves
MR       .....                  (no boots)
Stlth    ++........             (no amulet)
HPRegen  0.16/turn              (no ring)
MPRegen  0.19/turn              (no ring)

@: no status effects
A: no striking features
a: no special abilities


You were on level 7 of the Dungeon.
You were not hungry.

You visited 1 branch of the dungeon, and saw 8 of its levels.

You collected 250 gold pieces.

Inventory:

Hand Weapons
 t - a +2 dagger of chaos (weapon)
Armour
 a - a +0 robe (worn)
 h - a +0 buckler
 k - a +0 pair of gloves (worn)
 l - a +0 helmet (worn)
 p - a +0 cloak (worn)
Jewellery
 y - an uncursed ring of protection from magic {unknown}
 A - an uncursed amulet of harm {unknown}
Wands
 w - a wand of paralysis (16)
Scrolls
 b - 7 scrolls of identify {unknown}
 e - 2 scrolls of enchant armour {unknown}
 f - 2 scrolls of fear {unknown}
 i - 2 scrolls of immolation {unknown}
 m - 2 scrolls of teleportation {unknown}
 n - a scroll of blinking {unknown}
 q - 2 scrolls of amnesia {unknown}
 r - a scroll of random uselessness {unknown}
 v - a scroll of brand weapon {unknown}
Potions
 g - a potion of lignification {unknown}
 j - a potion of degeneration
 o - a potion of magic
 s - a potion of agility {unknown}
 u - a potion of invisibility {unknown}
 x - a potion of haste {unknown}
 z - 2 potions of experience {unknown}
Comestibles
 c - 10 rations


   Skills:
 - Level 2.2 Fighting
 + Level 5.2 Dodging
 - Level 2.4 Stealth
 + Level 10.6 Spellcasting
 + Level 9.7 Conjurations
 - Level 6.2 Hexes


You had 20 spell levels left.
You knew the following spells:

 Your Spells              Type           Power        Failure   Level  Hunger
a - Magic Dart            Conj           ####         1%          1    None
b - Iskenderun's Mystic   Conj           ######..     1%          4    ##.....
c - Fulminant Prism       Conj/Hex       #####.....   2%          4    ##.....

Your spell library contained the following spells:

 Spells                   Type           Power        Failure   Level  Hunger
 Searing Ray              Conj           ######       1%          2    None
 Dazzling Spray           Conj/Hex       #####.       1%          3    None
 Beastly Appendage        Tmut           ##....       6%          1    None
 Sticks to Snakes         Tmut           ##......     9%          2    None
 Force Lance              Conj/Tloc      ####....     9%          4    ##.....
 Spider Form              Tmut/Pois      ##........   19%         3    None
 Ice Form                 Ice/Tmut       ##......     52%         4    ##.....
 Blade Hands              Tmut           ##........   86%         5    ####...


Dungeon Overview and Level Annotations

Branches:
Dungeon (8/15)             Temple (0/1) D:6
   Lair: D:8-11

Altars:
Gozag
Nemelex Xobeh
Okawaru
Qazlal
Wu Jian


Message History

Confirm with . or Enter, or press ? or * to list all spells.
Okay, then.
Okay, then.
Okay, then.
You feel better. The ice beast barely misses you.
Okay, then.
That item cannot be evoked!
Evoke which item? (* to show all) (? for menu, Esc to quit)
Okay, then.
Casting: Iskenderun's Mystic Blast (safe; 1% risk of failure)
Confirm with . or Enter, or press ? or * to list all spells.
Aiming: Magic Dart (safe; 1% risk of failure)
Press: ? - help, Shift-Dir - straight line, f/p - ice beast
Aim: an ice beast (almost dead, berserk, fast, unusually strong)
The magic dart hits the ice beast.
The ice beast is almost dead.
The ice beast closely misses you. The ice beast hits you.
* * * LOW HITPOINT WARNING * * *
The ice beast freezes you!
You die...

##..>.##...##....####
#.....##...##.......# #
#..........#.......## #
#..........'.......# #
#..........#.......# #
#..........#.......# #
#######...##...##...#############
....####+########...####..#....#.
......#....#....@..........#.....
......#....#.....Y.........#.....
......#....+...............#...>.
.....##...##...##...##^...##...##
.....##...##...##...##....##...##
......#...##...##...##....##.....
......#...##...##.........[......
......#..........................
......#..........................


You could see an ice beast (berserk).

Vanquished Creatures
  Psyche (D:8)
  2 hippogriffs
  2 humans (D:7)
  2 orc warriors
  2 phantoms
  2 sky beasts
  An ogre (D:4)
  A centaur (D:8)
  4 bullfrogs
  4 killer bees (D:8)
  A crimson imp (D:8)
  A centaur zombie (D:6)
  A jelly (D:7)
  A bullfrog zombie (D:5)
  2 bullfrog skeletons
  4 orc priests
  A hound (D:4)
  2 orc wizards
  2 iguanas
  5 worker ants
  A worker ant zombie (D:8)
  8 gnolls
  6 adders
  2 oozes (D:4)
  An adder skeleton (D:4)
  5 worms
  4 dart slugs
  3 leopard geckos
  15 orcs
  A ball python (D:1)
  8 giant cockroaches
  8 goblins
  6 hobgoblins
  8 jackals
  8 kobolds
  4 quokkas
  7 bats
  4 frilled lizards
  4 rats
144 creatures vanquished.

Vanquished Creatures (others)
  15 fulminant prisms
15 creatures vanquished.

Grand Total: 159 creatures vanquished

Notes
Turn   | Place    | Note
-------+----------+-------------------------------------------
     0 | D:1      | Norian the Deep Elf Conjurer began the quest for the Orb.
     0 | D:1      | Reached XP level 1. HP: 10/10 MP: 6/6
    80 | D:1      | Reached XP level 2. HP: 15/15 MP: 0/8
   878 | D:1      | Reached skill level 4 in Spellcasting
  1128 | D:2      | Reached skill level 5 in Conjurations
  1128 | D:2      | Reached XP level 3. HP: 19/19 MP: 6/10
  1153 | D:2      | Found a faded altar of an unknown god.
  2153 | D:3      | Found an opulent altar of Gozag.
  2153 | D:3      | Found a stormy altar of Qazlal.
  2173 | D:3      | Reached XP level 4. HP: 24/24 MP: 9/12
  2297 | D:3      | Reached skill level 5 in Spellcasting
  2532 | D:3      | Reached XP level 5. HP: 25/28 MP: 6/14
  2630 | D:2      | Learned a level 4 spell: Iskenderun's Mystic Blast
  2635 | D:2      | Learned a level 4 spell: Fulminant Prism
  2657 | D:3      | Found an ornate altar of the Wu Jian Council.
  2662 | D:3      | Found a sparkling altar of Nemelex Xobeh.
  2828 | D:3      | Reached skill level 1 in Hexes
  3030 | D:4      | Reached skill level 6 in Spellcasting
  3234 | D:4      | Noticed a sky beast
  3241 | D:4      | Killed a sky beast
  3241 | D:4      | Reached XP level 6. HP: 24/32 MP: 2/17
  3726 | D:4      | Reached XP level 7. HP: 29/36 MP: 3/19
  3932 | D:4      | Reached skill level 7 in Spellcasting
  4077 | D:5      | Entered Level 5 of the Dungeon
  4166 | D:5      | You fall into a shaft and drop 3 floors!
  4177 | D:8      | Noticed a hippogriff
  4200 | D:8      | Killed a hippogriff
  4200 | D:8      | Reached skill level 5 in Hexes
  4309 | D:8      | Reached skill level 8 in Spellcasting
  4413 | D:8      | Noticed Psyche
  4418 | D:8      | Killed Psyche
  4418 | D:8      | Reached XP level 8. HP: 33/41 MP: 0/22
  4629 | D:8      | Reached skill level 1 in Fighting
  4629 | D:8      | Reached skill level 9 in Spellcasting
  5398 | D:7      | Noticed a hippogriff
  5489 | D:7      | Reached XP level 9. HP: 48/48 MP: 7/24
  5946 | D:7      | Reached skill level 10 in Spellcasting
  6322 | D:7      | Found an iron altar of Okawaru.
  6541 | D:6      | Found a staircase to the Ecumenical Temple.
  6545 | D:6      | Reached skill level 5 in Dodging
  6579 | D:7      | Slain by an ice beast

Levels and vault maps discovered:
D:1:      psy_arrival_radial01, layout_loops_cross, st_stairs_10
D:2:      layout_basic, chequers_ecumenical_altar_simple_redux
D:3:      layout_rooms, minitemple, grunt_temple_overflow_open, first_ration
D:4:      layout_basic, minmay_misc_feat_chi, minmay_distorted
D:5:      layout_basic, serial_shops, shop, minmay_manual_monstrance,
          uniq_edmund, uniq_crazy_yiuf_cottage, uniq_ijyb, uniq_sigmund,
          uniq_blork_the_orc
D:6:      minmay_diamond_boxcup, layout_rooms, minmay_temple_entry_glass,
          kennysheep_small_circle
D:7:      layout_gridville, okawaru_humans
D:8:      layout_loops_cross, uniq_psyche

Skill      XL: |  1  2  3  4  5  6  7  8  9 |
---------------+----------------------------+-----
Spellcasting   | 4 5 6 8 9 10 | 10.6
Conjurations   | 5 6 8 9 |  9.7
Hexes          | 2 3 6 |  6.2
Fighting       | 2 |  2.2
Dodging        | 3 5 |  5.2
Stealth        | |  2.4

Action                   |  1- 3 |  4- 6 |  7- 9 || total
-------------------------+-------+-------+-------++-------
Melee: Unarmed           |    15 |     3 |     1 ||    19
       Dagger            |       |       |    21 ||    21
 Cast: Magic Dart        |   114 |   123 |   122 ||   359
       Iskenderun's Myst |       |     4 |    45 ||    49
       Fulminant Prism   |       |     3 |    12 ||    15
  Use: Potion            |       |       |     4 ||     4
  Eat: Chunk             |     3 |     3 |     8 ||    14
       Ration            |       |     1 |     1 ||     2
Armor: Robe              |     9 |     3 |    18 ||    30
Dodge: Dodged            |    22 |    11 |    48 ||    81
